 Dungeon Crawl Stone Soup version 0.29-a0-322-g68df515428 (webtiles) character file.

Game seed: 8479061473502760833

199235 thewiebster the Warrior (level 18, 0/149 HPs)
             Began as a Gnoll Fighter on Apr 3, 2022.
             Was the Champion of Cheibriados.
             Killed from afar by a salamander tyrant (17 damage)
             ... with a flame surge
             ... on level 4 of the Snake Pit on Apr 5, 2022.
             The game lasted 02:58:34 (38094 turns).

thewiebster the Warrior (Gnoll Fighter)            Turns: 38094, Time: 02:58:35

Health: 0/149      AC: 31    Str: 36    XL:     18   Next: 47%
Magic:  29/34      EV: 21    Int: 26    God:    Cheibriados [******]
Gold:   718        SH: 19    Dex: 32    Spells: 10/41 levels left

rFire   . . .      SeeInvis +   a - +9 broad axe (freeze)
rCold   . . .      Faith    .   f - +2 kite shield {reflect}
rNeg    . . .      Spirit   .   A - +11 chain mail of the Blind Marksman {Dex+4 SInv}
rPois   +          Reflect  +   y - +2 helmet of Rotten Contentment {Str+2}
rElec   .          Harm     .   (no cloak)
rCorr   .          Rampage  .   H - +0 pair of gloves
Will    ++...                   x - +1 pair of boots
Stlth   +++.......              U - amulet of regeneration
HPRegen 1.14/turn               C - ring of poison resistance
MPRegen 0.24/turn               o - ring of willpower

@: studying Fighting, very slow
A: fangs 1, strong nose, distributed training
}: 1/15 runes: decaying
a: Renounce Religion, Bend Time, Temporal Distortion, Slouch, Step From Time


You were on level 4 of the Snake Pit.
You worshipped Cheibriados.
Cheibriados was exalted by your worship.
You visited 5 branches of the dungeon, and saw 31 of its levels.
You visited 1 bazaar.
You also visited: Gauntlet and Volcano.

You collected 4045 gold pieces.
You spent 3327 gold pieces at shops.

Inventory:

Hand Weapons
 a - a +9 broad axe of freezing (weapon)
 k - a +2 halberd of flaming
 q - the +10 hunting sling "Cudannem" {freeze, rF+ Str+5 Int+4 Dex-2}
   (You found it on level 3 of the Dungeon)

   Any ammunition fired from it freezes those it strikes, dealing additional
   cold damage.
   It can also slow down cold-blooded creatures.
   Str:       It affects your strength (+5).
   Int:       It affects your intelligence (+4).
   Dex:       It affects your dexterity (-2).
   rF:        It protects you from fire.
 J - the +9 hand axe of Pestilence {drain, rPois rF++ rC+ MP-9}
   (You found it on level 13 of the Dungeon)

   A truly terrible weapon, it drains the life of any living foe it strikes.
   rF:        It greatly protects you from fire.
   rC:        It protects you from cold.
   rPois:     It protects you from poison.
   MP:        It affects your magic capacity (-9).
Missiles
 c - 225 stones
 j - 47 poisoned darts (quivered)
 s - 2 javelins
 E - 5 throwing nets
Armour
 f - a +2 kite shield of reflection (worn)
 h - the +6 ring mail "Ygih" {Str+3 Slay+3 Stlth-}
   (You bought it in a shop on level 2 of the Snake Pit)

   Str:       It affects your strength (+3).
   Slay:      It affects your accuracy & damage with ranged weapons and melee
   (+3).
   Stlth:     It makes you less stealthy.
 x - a +1 pair of boots (worn)
 y - the +2 helmet of Rotten Contentment (worn) {Str+2}
   (You bought it in a shop on level 2 of the Orcish Mines)

   Str:       It affects your strength (+2).
 A - the +11 chain mail of the Blind Marksman (worn) {Dex+4 SInv}
   (You bought it in a shop on level 2 of the Orcish Mines)

   Dex:       It affects your dexterity (+4).
   SInv:      It lets you see invisible.
 H - a +0 pair of gloves (worn)
Jewellery
 d - a ring of ice
 e - a +6 ring of dexterity
 g - a ring of positive energy
 l - the ring "Qissib" {rElec rF+ MP+9 Int-4 Stlth+}
   (You found it in a Gauntlet)

   [ring of magical power]

   Int:       It affects your intelligence (-4).
   rF:        It protects you from fire.
   rElec:     It insulates you from electricity.
   MP:        It affects your magic capacity (+9).
   Stlth:     It makes you more stealthy.
 o - a ring of willpower (right hand)
 z - a +4 ring of protection
 C - a ring of poison resistance (left hand)
 S - a ring of wizardry
 U - an amulet of regeneration (around neck)
Wands
 m - a wand of digging (7)
 r - a wand of paralysis (8)
 D - a wand of acid (15)
 F - a wand of iceblast (25)
 I - a wand of flame (48)
 X - a wand of mindburst (25)
Scrolls
 b - 3 scrolls of fear
 i - a scroll of enchant armour
 p - 3 scrolls of amnesia
 t - 2 scrolls of enchant weapon
 w - 7 scrolls of fog
 B - 3 scrolls of immolation
 G - 7 scrolls of teleportation
 L - a scroll of acquirement
 P - 3 scrolls of silence
 R - 5 scrolls of blinking
 T - a scroll of summoning
Potions
 n - 4 potions of ambrosia
 u - 6 potions of lignification
 v - 5 potions of resistance
 K - 10 potions of curing
 M - 2 potions of invisibility
 N - 4 potions of magic
 O - 5 potions of brilliance
 Q - 3 potions of might
 V - a potion of cancellation
 W - 4 potions of flight
Miscellaneous
 Z - a lightning rod (4/4)


   Skills:
 + Level 15.4 Fighting
 + Level 12.4 Short Blades
 + Level 12.4 Long Blades
 + Level 13.2 Axes
 + Level 12.4 Maces & Flails
 + Level 12.4 Polearms
 + Level 12.4 Staves
 + Level 12.4 Slings
 + Level 12.4 Bows
 + Level 12.4 Crossbows
 + Level 12.4 Throwing
 + Level 13.9 Armour
 + Level 12.4 Dodging
 + Level 12.4 Stealth
 + Level 13.9 Shields
 + Level 12.4 Unarmed Combat
 + Level 12.4 Spellcasting
 + Level 10.5 Conjurations
 + Level 10.5 Hexes
 + Level 10.5 Summonings
 + Level 10.5 Necromancy
 + Level 10.5 Translocations
 + Level 10.5 Transmutations
 + Level 10.5 Fire Magic
 + Level 10.5 Ice Magic
 + Level 10.5 Air Magic
 + Level 10.5 Earth Magic
 + Level 10.5 Poison Magic
 + Level 13.5 Invocations
 + Level 12.4 Evocations


You had 10 spell levels left.
You knew the following spells:

 Your Spells              Type           Power      Damage    Failure   Level
a - Blink                 Tloc           100%       N/A       1%          2
b - Portal Projectile     Hex/Tloc       100%       N/A       1%          3
c - Teleport Other        Tloc           63%        N/A       1%          3
d - Dispel Undead         Necr           63%        3d22      2%          4
e - Summon Ice Beast      Ice/Summ       63%        N/A       2%          4
f - Lightning Bolt        Conj/Air       31%        1d48      7%          5
g - Freezing Cloud        Conj/Ice/Air   31%        6-21      7%          5
h - Apportation           Tloc           100%       N/A       1%          1
i - Hailstorm             Conj/Ice       63%        3d13      2%          4

Your spell library contained the following spells:

 Spells                   Type           Power      Damage    Failure   Level
 Animate Skeleton         Necr           100%       N/A       1%          1
 Magic Dart               Conj           100%       1d8       1%          1
 Pain                     Necr           100%       1d9       1%          1
 Slow                     Hex            100%       N/A       1%          1
 Summon Small Mammal      Summ           100%       N/A       1%          1
 Call Imp                 Summ           63%        N/A       1%          2
 Static Discharge         Conj/Air       63%        N/A       1%          2
 Call Canine Familiar     Summ           63%        N/A       1%          3
 Confusing Touch          Hex            63%        N/A       1%          3
 Frozen Ramparts          Ice            100%       1d12      1%          3
 Gell's Gravitas          Tloc           63%        N/A       1%          3
 Lesser Beckoning         Tloc           63%        N/A       1%          3
 Mephitic Cloud           Conj/Pois/Air  63%        N/A       1%          3
 Vampiric Draining        Necr           63%        2d10      1%          3
 Animate Armour           Summ/Erth      100%       N/A       2%          4
 Ice Form                 Ice/Tmut       63%        N/A       2%          4
 Leda's Liquefaction      Hex/Erth       31%        N/A       2%          4
 Sticky Flame             Conj/Fire      63%        2d8       2%          4
 Blade Hands              Tmut           31%        N/A       7%          5
 Manifold Assault         Tloc           63%        N/A       7%          5
 Summon Forest            Summ/Tloc      31%        N/A       7%          5
 Summon Mana Viper        Hex/Summ       63%        N/A       7%          5
 Eringya's Noxious Bog    Tmut/Pois      31%        N/A       36%         6
 Iron Shot                Conj/Erth      31%        9d6       36%         6
 Simulacrum               Ice/Necr       31%        N/A       36%         6
 Starburst                Conj/Fire      31%        6d10      36%         6
 Summon Cactus Giant      Summ           31%        N/A       36%         6
 Storm Form               Tmut/Air       31%        N/A       91%         7
 Summon Hydra             Summ           31%        N/A       91%         7
 Maxwell's Capacitive Co  Air            31%        ∞         100%        8
 Chain Lightning          Conj/Air       31%        3d42      100%        9


Dungeon Overview and Level Annotations

Branches:
Dungeon (15/15)            Temple (0/1) D:5            Lair (6/6) D:10
  Swamp (4/4) Lair:3        Snake (4/4) Lair:4        Slime (0/5) Lair:6
    Orc (2/2) D:11            Elf (0/3) Orc:2        Vaults (0/5) D:14
 Depths (0/4) D:15        Volcano (visited)         Gauntlet (visited)

Altars:
Ashenzari
Cheibriados
Dithmenos
Fedhas
Hepliaklqana
Kikubaaqudgha
Nemelex Xobeh
Qazlal
Sif Muna
Vehumet
Wu Jian
Xom
Yredelemnul
Zin
Beogh
Jiyva

Shops:
Orc:2 [*(=   Snake:2 [**

Portals:
Trove: D:11 (give +2 storm dragon scales)

Annotations:
D:3 Steam dragon!!!
D:10 3 runed translucent doors, exclusion: two-headed ogre, kae's ghost, journeyman TeFE
D:11 exclusion: ice statue
Lair:1 1 exclusion
Lair:3 exclusion: downstairs
Lair:6 exclusion: 2 oklob plants
Swamp:3 Creepy thing!!!, exclusions: downstairs and 3 more exclusions, Mlioglotl
Swamp:4 exclusion: upstairs, Roxanne
Snake:1 2 runed translucent doors, ma3's ghost, journeyman SpAM
Snake:2 1 runed translucent door, Lotzicof's ghost, adept TrFi


Innate Abilities, Weirdness & Mutations

You have very sharp teeth.
Your uncanny sense of smell can sniff out nearby items.
Your experience applies equally to all skills.


Message History

Unknown command.
Unknown command.
Unknown command.
You feel much better. You block the salamander's attack.
The salamander tyrant is engulfed in freezing vapours.
The salamander tyrant gazes fiercely through you!
You feel as though you will be weak longer.
The salamander tyrant gazes fiercely through you!
You feel as though you will be weak longer.
The salamander tyrant hits you but does no damage.
Unknown command.
Unknown command.
Unknown command.
Unknown command.
Unknown command.
Unknown command.
You feel strangely stable.
Your magical effects are unravelling.
You feel magically purged.
Your attacks no longer feel as feeble.
You block the salamander's attack.
The salamander tyrant is engulfed in freezing vapours.
You kill the salamander tyrant!
Cheibriados appreciates the change of pace.
You block the salamander tyrant's attack.
The salamander tyrant misses you.
Unknown command.
Unknown command.
Unknown command.
Unknown command.
Unknown command.
Blink to where?
Press: ? - help, Dir - move target, p - salamander tyrant
As you read the scroll of blinking, it crumbles to dust.
The salamander tyrant calls gouts of flame from the lava!
The flame surge hits you!!
* * * LOW HITPOINT WARNING * * *
The salamander tyrant calls gouts of flame from the lava!
The flame surge hits you!
You die...

.....#...#'##### ∆
.....#...#[)≈§≈#
.....#...#.)≈§§##
.....#...##..≈≈≈##
.....#...###..≈≈≈## ##..##...#
##..§≈≈##
....##...#####..§§≈##
###.##.....# ##..§≈≈###
.....#.....# ##@..≈≈≈########
...........# ###...≈≈≈§§§§≈≈§
######.....####.##..§§§§§§§≈§≈
#..........##...N≈§≈≈§§§.
#..........##.....N≈§§≈.. ###
#.#........##....§.§§§§.. ..#
#.#........##...NN§§§§S.. ..#
#.#........##....§§≈≈§§..
..####.#.........####+#≈§§§§≈#


You could see 2 salamander tyrants and 2 salamanders.

Vanquished Creatures
  Donald (Snake:4)
  2 thorn hunters (Swamp:4)
  A nagaraja (Snake:3)
  An orc warlord (Orc:1)
  2 eleionomae (Swamp:2)
  4 bunyips
  Azrael (D:13)
  A minotaur (Gauntlet)
  A great orb of eyes (D:15)
  A salamander tyrant (Snake:4)
  8 boulder beetles
  Harold (D:11)
  5 naga warriors
  A rakshasa (D:15)
  8 anacondas
  4 centaur warriors
  19 hydras
  A spriggan air mage (Swamp:2)
  2 catoblepae
  2 two-headed ogres (D:14)
  2 vault guards (D:14)
  9 alligators
  7 death yaks
  An orc high priest (Orc:2)
  5 naga sharpshooters
  4 shock serpents
  2 spriggan berserkers (Swamp:4)
  Urug (D:11)
  Nergalle (D:11)
  3 salamander mystics
  2 skeletal warriors (Volcano)
  4 goliath frogs
  4 sixfirhies (Gauntlet)
  A sea snake (Snake:4)
  7 spriggan druids
  A naga ritualist (Snake:4)
  8 swamp dragons (Swamp:4)
  5 bog bodies
  An anaconda skeleton (Volcano)
  5 deep elf pyromancers
  6 orc knights
  4 orc sorcerers
  7 mana vipers
  3 will-o-the-wisps
  2 manticores
  9 cyclopes
  24 ugly things
  10 elephants
  17 salamanders
  27 black mambas
  15 naga magi
  3 guardian serpents
  2 torpor snails
  15 cane toads
  5 gargoyles
  Maggie (D:10)
  A rime drake (shapeshifter) (D:13)
  4 rime drakes
  A kobold demonologist (D:13)
  An unseen horror (D:13)
  14 komodo dragons
  A troll (shapeshifter) (D:15)
  An ice devil (D:11)
  An efreet (D:13)
  A tengu conjurer (D:15)
  7 trolls
  7 hornets
  2 bloated husks
  13 tyrant leeches
  2 polar bears
  Prince Ribbit (D:6)
  3 dream sheep (Lair:5)
  20 blink frogs
  A raiju (shapeshifter) (D:14)
  A harpy skeleton (Volcano)
  An alligator skeleton (Volcano)
  3 flying skulls (Volcano)
  3 slime creatures (D:15)
  2 vampires
  3 wraiths
  A jumping spider (shapeshifter) (D:14)
  2 centaur simulacra (Gauntlet)
  9 spriggans
  A water elemental (D:15)
  4 shadows
  2 wyverns
  51 yaks
  A fire elemental (D:13)
  10 humans (D:14)
  23 vampire mosquitoes
  2 basilisks
  A steam dragon (D:3)
  3 acid dragons
  19 swamp worms
  10 wargs
  44 nagas
  7 water moccasins
  6 hell hounds (D:13)
  Duvessa (D:6)
  10 swamp drakes (Swamp:4)
  4 black bears
  4 ice beasts
  6 sky beasts
  An ice dragon simulacrum (Gauntlet)
  26 orc warriors
  24 wolves
  4 ogres
  7 centaurs
  2 phantoms (D:5)
  4 kobold brigands
  22 bullfrogs
  2 gnoll sergeants (D:11)
  2 two-headed ogre simulacra (D:11)
  A scorpion (D:5)
  A wight (D:7)
  Dowan (D:6)
  An elephant simulacrum (D:11)
  2 troll skeletons (Volcano)
  3 howler monkeys
  6 electric eels
  A hound (D:6)
  2 gnoll shamans (D:7)
  3 jellies
  15 orc priests
  5 iguanas
  Terence (D:1)
  12 hell rats
  30 orc wizards
  A polar bear simulacrum (D:11)
  A troll simulacrum (D:11)
  A wolf simulacrum (D:11)
  4 adders
  20 gnolls
  A naga simulacrum (D:11)
  14 river rats
  3 shadow imps
  3 white imps
  5 ufetubi
  2 worms (D:2)
  3 dart slugs
  45 orcs
  12 bats
  8 endoplasms
  5 giant cockroaches
  7 goblins
  4 hobgoblins
  8 quokkas
  7 ball pythons
  5 frilled lizards
  A jackal zombie (D:6)
  24 kobolds
  20 rats
  A briar patch (Swamp:4)
987 creatures vanquished.

Vanquished Creatures (collateral kills)
  A thorn hunter (Swamp:1)
1 creature vanquished.

Vanquished Creatures (others)
  A cyclops (D:14)
  An elephant (Lair:5)
  3 bloated husks
  2 briar patches (Swamp:4)
  26 foxfires
  67 fungi
  142 plants
  4 toadstools (D:1)
  23 withered plants (Gauntlet)
269 creatures vanquished.

Grand Total: 1257 creatures vanquished

Notes
Turn   | Place    | Note
-------+----------+-------------------------------------------
     0 | D:1      | thewiebster the Gnoll Fighter began the quest for the Orb.
     0 | D:1      | Reached XP level 1. HP: 23/23 MP: 1/1
   102 | D:1      | Reached XP level 2. HP: 29/29 MP: 2/2
   360 | D:1      | Noticed a golden eye
   409 | D:1      | Reached XP level 3. HP: 35/35 MP: 3/3
   738 | D:1      | Noticed a floating eye
   741 | D:1      | Found a faded altar of an unknown god.
   742 | D:1      | Noticed a golden eye
   742 | D:1      | Noticed a golden eye
   931 | D:2      | Reached skill level 1 in Invocations
  1046 | D:2      | Noticed Terence
  1067 | D:2      | Reached skill level 1 in Short Blades
  1067 | D:2      | Reached skill level 1 in Long Blades
  1067 | D:2      | Reached skill level 1 in Maces & Flails
  1067 | D:2      | Reached skill level 1 in Polearms
  1067 | D:2      | Reached skill level 1 in Staves
  1067 | D:2      | Reached skill level 1 in Slings
  1067 | D:2      | Reached skill level 1 in Bows
  1067 | D:2      | Reached skill level 1 in Crossbows
  1067 | D:2      | Reached skill level 1 in Throwing
  1067 | D:2      | Reached skill level 1 in Dodging
  1067 | D:2      | Reached skill level 1 in Stealth
  1067 | D:2      | Reached skill level 1 in Unarmed Combat
  1067 | D:2      | Reached skill level 1 in Spellcasting
  1067 | D:2      | Reached skill level 1 in Evocations
  1152 | D:1      | Killed Terence
  1153 | D:1      | Reached XP level 4. HP: 36/41 MP: 5/5
  1308 | D:2      | Found an ancient bone altar of Kikubaaqudgha.
  1559 | D:2      | Reached skill level 1 in Conjurations
  1559 | D:2      | Reached skill level 1 in Hexes
  1559 | D:2      | Reached skill level 1 in Summonings
  1559 | D:2      | Reached skill level 1 in Necromancy
  1559 | D:2      | Reached skill level 1 in Translocations
  1559 | D:2      | Reached skill level 1 in Transmutations
  1559 | D:2      | Reached skill level 1 in Fire Magic
  1559 | D:2      | Reached skill level 1 in Ice Magic
  1559 | D:2      | Reached skill level 1 in Air Magic
  1559 | D:2      | Reached skill level 1 in Earth Magic
  1559 | D:2      | Reached skill level 1 in Poison Magic
  1873 | D:3      | Identified the +10 hunting sling "Cudannem" {freeze, rF+
                  | Str+5 Int+4 Dex-2}
  2151 | D:3      | Noticed a steam dragon
  2183 | D:4      | Found a snail-covered altar of Cheibriados.
  2208 | D:4      | Reached XP level 5. HP: 38/47 MP: 6/6
  2488 | D:4      | Became a worshipper of Cheibriados the Contemplative
  2829 | D:5      | Entered Level 5 of the Dungeon
  2873 | D:5      | Reached XP level 6. HP: 51/53 MP: 8/8
  2881 | D:5      | Found an ancient bone altar of Kikubaaqudgha.
  2897 | D:5      | Reached skill level 5 in Axes
  2980 | D:5      | Noticed an ice beast
  3080 | D:4      | Killed an ice beast
  3123 | D:5      | Found a staircase to the Ecumenical Temple.
  3296 | D:5      | Reached XP level 7. HP: 45/59 MP: 10/10
  3403 | D:5      | Reached skill level 7 in Fighting
  3559 | D:5      | Found a hazy altar of Hepliaklqana.
  3561 | D:5      | Found a shimmering blue altar of Sif Muna.
  3561 | D:5      | Found a glowing silver altar of Zin.
  3727 | D:5      | Reached * piety under Cheibriados
  3919 | D:5      | Reached XP level 8. HP: 63/67 MP: 12/12
  4607 | D:6      | Found a sand-covered staircase.
  4943 | D:6      | Noticed Prince Ribbit
  5139 | D:6      | Killed Prince Ribbit
  5379 | D:6      | Noticed Duvessa
  5394 | D:6      | Killed Duvessa
  5620 | D:6      | Reached XP level 9. HP: 45/72 MP: 14/14
  5627 | D:6      | Reached ** piety under Cheibriados
  6196 | D:6      | Noticed Dowan
  6203 | D:6      | Killed Dowan
  6578 | D:7      | Found a basalt altar of Yredelemnul.
  7681 | D:7      | Noticed a troll
  7700 | D:7      | Reached skill level 8 in Fighting
  7770 | D:7      | Killed a troll
  7771 | D:7      | Reached skill level 5 in Invocations
  8103 | D:7      | Reached XP level 10. HP: 50/80 MP: 17/17
  8408 | D:7      | Reached *** piety under Cheibriados
  8559 | D:7      | Found a sparkling altar of Nemelex Xobeh.
  9046 | D:8      | Reached skill level 5 in Short Blades
  9046 | D:8      | Reached skill level 5 in Long Blades
  9046 | D:8      | Reached skill level 5 in Maces & Flails
  9046 | D:8      | Reached skill level 5 in Polearms
  9046 | D:8      | Reached skill level 5 in Staves
  9046 | D:8      | Reached skill level 5 in Slings
  9046 | D:8      | Reached skill level 5 in Bows
  9046 | D:8      | Reached skill level 5 in Crossbows
  9046 | D:8      | Reached skill level 5 in Throwing
  9046 | D:8      | Reached skill level 5 in Dodging
  9046 | D:8      | Reached skill level 5 in Stealth
  9046 | D:8      | Reached skill level 5 in Unarmed Combat
  9046 | D:8      | Reached skill level 5 in Spellcasting
  9046 | D:8      | Reached skill level 5 in Evocations
  9210 | D:8      | Found a broken altar of Ashenzari.
  9213 | D:8      | Found a shadowy altar of Dithmenos.
  9216 | D:8      | Found a radiant altar of Vehumet.
  9578 | D:8      | Learned a level 2 spell: Blink
  9582 | D:8      | Learned a level 3 spell: Portal Projectile
  9853 | D:8      | Reached skill level 9 in Fighting
  9853 | D:8      | Reached skill level 5 in Conjurations
  9853 | D:8      | Reached skill level 5 in Hexes
  9853 | D:8      | Reached skill level 5 in Summonings
  9853 | D:8      | Reached skill level 5 in Necromancy
  9853 | D:8      | Reached skill level 5 in Translocations
  9853 | D:8      | Reached skill level 5 in Transmutations
  9853 | D:8      | Reached skill level 5 in Fire Magic
  9853 | D:8      | Reached skill level 5 in Ice Magic
  9853 | D:8      | Reached skill level 5 in Air Magic
  9853 | D:8      | Reached skill level 5 in Earth Magic
  9853 | D:8      | Reached skill level 5 in Poison Magic
  9853 | D:8      | Reached XP level 11. HP: 51/89 MP: 17/20
 10015 | D:9      | Learned a level 3 spell: Teleport Other
 10108 | D:9      | Found an ornate altar of the Wu Jian Council.
 10479 | D:9      | Reached **** piety under Cheibriados
 10854 | D:9      | Found a stormy altar of Qazlal.
 11205 | D:10     | Entered Level 10 of the Dungeon
 11721 | D:10     | Learned a level 4 spell: Dispel Undead
 11999 | D:10     | Noticed Maggie
 12009 | D:10     | Killed Maggie
 12199 | D:10     | Noticed a two-headed ogre
 12372 | D:10     | Found a runed translucent gate.
 12372 | D:10     | Found a runed translucent gate.
 12373 | D:10     | Found a runed translucent gate.
 12373 | D:10     | Noticed kae's ghost (journeyman TeFE)
 12376 | D:10     | Found a viscous altar of Jiyva.
 12390 | D:10     | Reached XP level 12. HP: 71/97 MP: 22/22
 12398 | D:10     | Noticed a boulder beetle
 12426 | D:10     | Killed a boulder beetle
 12612 | D:10     | Found a staircase to the Lair.
 12731 | Lair:1   | Entered Level 1 of the Lair of Beasts
 12742 | Lair:1   | Noticed a boulder beetle
 12753 | Lair:1   | Killed a boulder beetle
 12769 | Lair:1   | Learned a level 4 spell: Summon Ice Beast
 12797 | Lair:1   | Reached ***** piety under Cheibriados
 13164 | Lair:1   | Noticed a six-headed hydra
 13231 | Lair:1   | Killed a six-headed hydra
 14002 | Lair:2   | Reached skill level 10 in Fighting
 14002 | Lair:2   | Reached skill level 10 in Armour
 14002 | Lair:2   | Reached skill level 10 in Shields
 14016 | Lair:2   | Reached ****** piety under Cheibriados
 14025 | Lair:2   | Noticed a four-headed hydra
 14030 | Lair:2   | Killed a four-headed hydra
 14725 | Lair:3   | Found a staircase to the Swamp.
 14884 | Lair:3   | Found a dark tunnel.
 14892 | Volcano  | Entered a volcano
 15304 | Volcano  | Reached XP level 13. HP: 77/104 MP: 21/24
 17179 | Lair:4   | Found a staircase to the Snake Pit.
 17666 | Lair:5   | Learned a level 5 spell: Lightning Bolt
 18100 | Lair:5   | Reached skill level 11 in Fighting
 18100 | Lair:5   | Reached skill level 10 in Axes
 18293 | Lair:4   | Reached XP level 14. HP: 113/113 MP: 26/26
 18892 | Lair:6   | Entered Level 6 of the Lair of Beasts
 19098 | Lair:5   | Reached skill level 10 in Invocations
 20093 | Lair:6   | Found a staircase to the Slime Pits.
 20613 | D:11     | Noticed Nergalle
 20622 | D:11     | Killed Nergalle
 20753 | D:11     | Found the +2 Maxwell's thermic engine {flame, freeze}
 20921 | D:11     | Noticed Urug
 20931 | D:11     | Killed Urug
 20945 | D:11     | Found a staircase to the Orcish Mines.
 21152 | D:11     | Found a portal to a secret trove of treasure.
 21299 | D:11     | Noticed Harold
 21304 | D:11     | Killed Harold
 21305 | D:11     | Reached XP level 15. HP: 120/120 MP: 28/28
 21558 | Orc:1    | Entered Level 1 of the Orcish Mines
 21902 | Orc:2    | Entered Level 2 of the Orcish Mines
 21911 | Orc:2    | Paralysed by an orc sorcerer for 2 turns
 22027 | Orc:2    | Noticed an orc warlord
 22066 | Orc:1    | Killed an orc warlord
 22377 | Orc:1    | Reached skill level 10 in Short Blades
 22377 | Orc:1    | Reached skill level 10 in Long Blades
 22377 | Orc:1    | Reached skill level 10 in Maces & Flails
 22377 | Orc:1    | Reached skill level 10 in Polearms
 22377 | Orc:1    | Reached skill level 10 in Staves
 22377 | Orc:1    | Reached skill level 10 in Slings
 22377 | Orc:1    | Reached skill level 10 in Bows
 22377 | Orc:1    | Reached skill level 10 in Crossbows
 22377 | Orc:1    | Reached skill level 10 in Throwing
 22377 | Orc:1    | Reached skill level 10 in Dodging
 22377 | Orc:1    | Reached skill level 10 in Stealth
 22377 | Orc:1    | Reached skill level 10 in Unarmed Combat
 22377 | Orc:1    | Reached skill level 10 in Spellcasting
 22377 | Orc:1    | Reached skill level 10 in Evocations
 22788 | Orc:2    | Found a staircase to the Elven Halls.
 23109 | Orc:2    | Found Becwynku's Antique Armour Shop.
 23161 | Orc:2    | Found Zalowy's Antique Weapon Shop.
 23183 | Orc:2    | Found Uzism's Jewellery Shop.
 23246 | Orc:2    | Bought a distressingly furry helmet for 351 gold pieces
 23246 | Orc:2    | Identified the +2 helmet of Rotten Contentment {Str+2} (You
                  | bought it in a shop on level 2 of the Orcish Mines)
 23246 | Orc:2    | Bought a brightly glowing chain mail for 351 gold pieces
 23246 | Orc:2    | Identified the +11 chain mail of the Blind Marksman {Dex+4
                  | SInv} (You bought it in a shop on level 2 of the Orcish
                  | Mines)
 23427 | Orc:2    | Bought a jewelled hand crossbow for 161 gold pieces
 23427 | Orc:2    | Identified the +3 hand crossbow of Zybbul {penet, rElec
                  | rC++ Str-3} (You bought it in a shop on level 2 of the
                  | Orcish Mines)
 23442 | Orc:2    | Found Myozur's General Store.
 23449 | Orc:2    | Bought a scroll of silence for 105 gold pieces
 23449 | Orc:2    | Bought a scroll of magic mapping for 49 gold pieces
 23667 | Orc:2    | Bought a ring of poison resistance for 340 gold pieces
 23877 | D:12     | Found a gate leading to a gauntlet.
 23887 | Gauntlet | Entered a Gauntlet
 23887 | Gauntlet | Found a transporter.
 23887 | Gauntlet | Found a transporter.
 23906 | Gauntlet | Found a transporter.
 23910 | Gauntlet | Found a transporter.
 23934 | Gauntlet | Found a transporter.
 23936 | Gauntlet | Found a transporter.
 23954 | Gauntlet | Found a transporter.
 23974 | Gauntlet | Found a transporter.
 23992 | Gauntlet | Found a transporter.
 23996 | Gauntlet | Found a transporter.
 23998 | Gauntlet | Found a runed translucent gate.
 23998 | Gauntlet | Found a runed translucent gate.
 23998 | Gauntlet | Found a runed translucent gate.
 23999 | Gauntlet | Found a large runed translucent door.
 23999 | Gauntlet | Found a large runed translucent door.
 24000 | Gauntlet | Found a large runed translucent door.
 24001 | Gauntlet | Found a large runed translucent door.
 24002 | Gauntlet | Found a large runed translucent door.
 24002 | Gauntlet | Found a large runed translucent door.
 24002 | Gauntlet | Found a runed translucent door.
 24002 | Gauntlet | Found a runed translucent door.
 24003 | Gauntlet | Found a large runed translucent door.
 24004 | Gauntlet | Found a large runed translucent door.
 24006 | Gauntlet | Found a transporter.
 24010 | Gauntlet | Found a transporter.
 24053 | Gauntlet | Found a large runed translucent door.
 24054 | Gauntlet | Found a large runed translucent door.
 24064 | Gauntlet | Found a large runed translucent door.
 24064 | Gauntlet | Found a large runed translucent door.
 24064 | Gauntlet | Found a large runed translucent door.
 24065 | Gauntlet | Found a large runed translucent door.
 24066 | Gauntlet | Found a large runed translucent door.
 24066 | Gauntlet | Found a large runed translucent door.
 24174 | Gauntlet | Identified the +2 cloak of Sophism {Str-4 Dex-2 Slay+5
                  | Stlth+}
 24188 | Gauntlet | Reached skill level 12 in Fighting
 24216 | Gauntlet | Identified the ring "Qissib" {rElec rF+ MP+9 Int-4 Stlth+}
 24635 | D:12     | Found a glowing silver altar of Zin.
 24635 | D:12     | Noticed an angel
 25047 | D:12     | Upgraded the game from 0.29-a0-321-gf1c400731a to
                  | 0.29-a0-322-g68df515428
 25254 | D:13     | Found a radiant altar of Vehumet.
 25519 | D:13     | Identified a scroll of acquirement
 25526 | D:13     | Acquired 813 gold pieces
 25652 | D:13     | Identified the +9 hand axe of Pestilence {drain, rPois rF++
                  | rC+ MP-9}
 25692 | D:13     | Got the Incunabulum of the Aerial Blaze
 25699 | D:13     | Learned a level 5 spell: Freezing Cloud
 25866 | D:13     | Noticed Azrael
 25876 | D:13     | Killed Azrael
 26119 | D:14     | Found a flickering gateway to a bazaar.
 26133 | Bazaar   | Entered a bazaar
 26187 | Bazaar   | Found Xanliziz's Book Emporium.
 26195 | Bazaar   | Found Kazeh's Weapon Shoppe.
 26203 | Bazaar   | Found Qattudghi's Assorted Antiques.
 26215 | Bazaar   | Bought 2 scrolls of blinking for 375 gold pieces
 26215 | Bazaar   | Bought a scroll of enchant armour for 187 gold pieces
 26250 | Bazaar   | Found Iluwk's Weapon Boutique.
 26294 | Bazaar   | Bought a manual of Fighting for 1120 gold pieces
 26581 | D:14     | Learned a level 1 spell: Apportation
 26740 | D:14     | Reached XP level 16. HP: 114/129 MP: 23/30
 26793 | D:14     | Found a gate to the Vaults.
 27026 | D:14     | Identified the +0 robe of Vunyoloh {rF+ Str-3 Int+4}
 27029 | D:14     | Found a blossoming altar of Fedhas.
 27206 | D:15     | Entered Level 15 of the Dungeon
 27574 | D:15     | Found a broken altar of Ashenzari.
 28077 | D:15     | Found a staircase to the Depths.
 28179 | D:15     | Reached skill level 13 in Fighting
 28480 | Swamp:1  | Entered Level 1 of the Swamp
 28740 | Swamp:1  | Identified the +9 war axe "Nairer" {spect, rC+ Dex+3
                  | Stlth+}
 28928 | Swamp:1  | Noticed a thorn hunter
 28949 | Swamp:1  | Killed a thorn hunter
 30830 | Swamp:3  | Reached XP level 17. HP: 138/138 MP: 32/32
 31071 | Swamp:3  | Noticed Mlioglotl
 31192 | Swamp:4  | Entered Level 4 of the Swamp
 31231 | Swamp:4  | Identified the +5 flail of the Extremely Mad {freeze, Fly
                  | rF+ Dex+2 Stlth+}
 31464 | Swamp:4  | Identified Roxanne's Guide on Clay
 31464 | Swamp:4  | Noticed Roxanne
 32134 | Swamp:4  | Reached skill level 14 in Fighting
 32635 | Swamp:4  | Got a decaying rune of Zot
 33156 | Snake:1  | Entered Level 1 of the Snake Pit
 33214 | Snake:1  | Found a large runed translucent door.
 33215 | Snake:1  | Found a large runed translucent door.
 33217 | Snake:1  | Noticed ma3's ghost (journeyman SpAM)
 33249 | Snake:1  | Reached skill level 10 in Conjurations
 33249 | Snake:1  | Reached skill level 10 in Hexes
 33249 | Snake:1  | Reached skill level 10 in Summonings
 33249 | Snake:1  | Reached skill level 10 in Necromancy
 33249 | Snake:1  | Reached skill level 10 in Translocations
 33249 | Snake:1  | Reached skill level 10 in Transmutations
 33249 | Snake:1  | Reached skill level 10 in Fire Magic
 33249 | Snake:1  | Reached skill level 10 in Ice Magic
 33249 | Snake:1  | Reached skill level 10 in Air Magic
 33249 | Snake:1  | Reached skill level 10 in Earth Magic
 33249 | Snake:1  | Reached skill level 10 in Poison Magic
 34796 | Snake:2  | Learned a level 4 spell: Hailstorm
 34813 | Snake:2  | Found a runed translucent door.
 34813 | Snake:2  | Found a shimmering altar of Xom.
 34813 | Snake:2  | Noticed Lotzicof's ghost (adept TrFi)
 34814 | Snake:2  | Identified the +9 morningstar of Vamn {chaos, Will- Dex+3}
 34853 | Snake:2  | Found Fetaxes's Antique Armour Shop.
 34855 | Snake:2  | Found Ucytugep's Assorted Antiques.
 34857 | Snake:2  | Found Pajy's Assorted Antiques.
 34861 | Snake:2  | Bought a faintly humming ring mail for 288 gold pieces
 34861 | Snake:2  | Identified the +6 ring mail "Ygih" {Str+3 Slay+3 Stlth-}
                  | (You bought it in a shop on level 2 of the Snake Pit)
 34989 | Snake:2  | HP: 6/140 [salamander mystic/+0 dagger (12)]
 35765 | Snake:3  | Reached XP level 18. HP: 148/148 MP: 34/34
 35867 | Snake:3  | Reached skill level 15 in Fighting
 36779 | Snake:4  | Entered Level 4 of the Snake Pit
 37477 | Snake:4  | Noticed Donald
 37487 | Snake:4  | Killed Donald
 38094 | Snake:4  | Killed from afar by a salamander tyrant

Illustrated notes

Levels and vault maps discovered:
D:1:      ldierk_water_garden, layout_rooms,
          hellmonk_ecumenical_altar_watching_god
D:2:      layout_basic, basic_altar, amcnicky_mini_rare_corridor_liquid,
          minivault_26, uniq_terence
D:3:      layout_basic
D:4:      layout_basic, kennysheep_slug_shrine
D:5:      layout_loops_ring, lemuel_crystal_altar,
          grunt_temple_overflow_diamond, minmay_temple_entry_fiery
D:6:      layout_gridville, enter_ossuary_3, lexackson_kobold_supper,
          uniq_duvessa, uniq_prince_ribbit1
D:7:      minmay_clustersquares, layout_loops_ring, overflow_temple_1_default,
          lemuel_tele_altar
D:8:      layout_basic, grunt_temple_overflow_open
D:9:      layout_loops_ring, nicolae_wu_jian_wuxing_cycle,
          mainiacjoe_overflow_alcove_4, minivault_22, solitary_fountain
D:10:     layout_cave_pods, erik_lair_orcish_takeover, gammafunk_ghost_ooze,
          kennysheep_generic_room_16, uniq_maggie
D:11:     dreamdust_isle_of_ice, layout_cave_pods,
          minmay_orc_entry_temple_small, enter_trove_2, uniq_harold, uniq_urug,
          uniq_nergalle
D:12:     layout_small_grid, gauntlet_entry_generic, zin_angel
D:13:     layout_loops_corners, nicolae_vehumet_radiance, uniq_azrael
D:14:     kennysheep_six_static_rooms, layout_cave_pools,
          ximxim_vaults_locker_room, serial_shops, freezing_bzr, fedhas_altar_1
D:15:     gammafunk_enter_depths_forms, layout_loops_ring,
          nicolae_ashenzari_panopticon, nooodl_orcs_dogs
Lair:1:   lemuel_ratsnest, layout_regular_city, beast_lair_carwin_11
Lair:2:   layout_loops_ring
Lair:3:   layout_chaotic_city, skrybe_swamp_entry_bodies,
          nicolae_volcano_entry_hallway
Lair:4:   layout_long_grid, minmay_snake_entry_guardpost_large,
          serial_bayou_shore_b
Lair:5:   layout_roguey, kennysheep_abandoned_house
Lair:6:   minmay_lair_end_frog_pond, layout_small_grid,
          minmay_slime_entry_oklob_enclosed, nzn_sisyphean_effort
Swamp:1:  layout_basic_swamp, serial_swamp_ruin, evilmike_swamp_ruin_rubble_1,
          evilmike_swamp_ruin_rubble_2, evilmike_swamp_ruin_house_6,
          infiniplex_staircase_pool
Swamp:2:  layout_basic_swamp, nicolae_swamp_orc_logging_accident
Swamp:3:  layout_basic_swamp, evilmike_swamp_ruin_house_3, swamp_pool1,
          roderic_carrion_pond, uniq_mlioglotl
Swamp:4:  swamp_basic_johnstein, layout_basic_swamp, swamp_pool1,
          nicolae_swamp_well_well_well, infiniplex_staircase_pool_2,
          uniq_roxanne
Snake:1:  layout_layer_cave, ebering_ghost_disaster_area, serial_bayou_shore_a
Snake:2:  layout_onion, ebering_ghost_xom, minmay_shop_star, grunt_megastairs_3
Snake:3:  layout_gridlike
Snake:4:  snake_pit_salamanders_mu, layout_basic, uniq_donald
Orc:1:    layout_caves
Orc:2:    grunt_orc_cross, layout_caves, basic_altar

Skill      XL: |  1  2  3  4  5  6  7  8  9 10 11 12 13 14 15 16 17 18 |
---------------+-------------------------------------------------------+-----
Invocations    | 1 2 3 4 5 6 7 8 9 10 11 12 13 | 13.5
Short Blades   | 1 2 3 4 6 7 8 9 10 11 12 | 12.4
Long Blades    | 1 2 3 4 6 7 8 9 10 11 12 | 12.4
Maces & Flails | 1 2 3 4 6 7 8 9 10 11 12 | 12.4
Polearms       | 1 2 3 4 6 7 8 9 10 11 12 | 12.4
Staves         | 1 2 3 4 6 7 8 9 10 11 12 | 12.4
Slings         | 1 2 3 4 6 7 8 9 10 11 12 | 12.4
Bows           | 1 2 3 4 6 7 8 9 10 11 12 | 12.4
Crossbows      | 1 2 3 4 6 7 8 9 10 11 12 | 12.4
Throwing       | 1 2 3 4 6 7 8 9 10 11 12 | 12.4
Dodging        | 1 2 3 4 6 7 8 9 10 11 12 | 12.4
Stealth        | 1 2 3 4 6 7 8 9 10 11 12 | 12.4
Unarmed Combat | 1 2 3 4 6 7 8 9 10 11 12 | 12.4
Spellcasting   | 1 2 3 4 6 7 8 9 10 11 12 | 12.4
Evocations     | 1 2 3 4 6 7 8 9 10 11 12 | 12.4
Conjurations   | 1 2 3 4 5 6 7 8 9 10 | 10.5
Hexes          | 1 2 3 4 5 6 7 8 9 10 | 10.5
Summonings     | 1 2 3 4 5 6 7 8 9 10 | 10.5
Necromancy     | 1 2 3 4 5 6 7 8 9 10 | 10.5
Translocations | 1 2 3 4 5 6 7 8 9 10 | 10.5
Transmutations | 1 2 3 4 5 6 7 8 9 10 | 10.5
Fire Magic     | 1 2 3 4 5 6 7 8 9 10 | 10.5
Ice Magic      | 1 2 3 4 5 6 7 8 9 10 | 10.5
Air Magic      | 1 2 3 4 5 6 7 8 9 10 | 10.5
Earth Magic    | 1 2 3 4 5 6 7 8 9 10 | 10.5
Poison Magic   | 1 2 3 4 5 6 7 8 9 10 | 10.5
Axes           | 5 6 7 8 9 10 11 12 13 | 13.2
Fighting       | 7 8 9 10 11 12 13 14 15 | 15.4
Armour         | 7 8 9 10 11 12 13 | 13.9
Shields        | 7 8 9 10 11 12 13 | 13.9

Action                   |  1- 3 |  4- 6 |  7- 9 | 10-12 | 13-15 | 16-18 || total
-------------------------+-------+-------+-------+-------+-------+-------++-------
Melee: War axe           |   104 |    80 |   108 |       |       |       ||   292
       Bite              |     9 |    10 |    23 |     2 |     6 |    22 ||    72
       Broad axe         |       |       |    29 |    16 |    38 |   113 ||   196
 Fire: Hunting sling     |     7 |    33 |   229 |   566 |  1617 |  1473 ||  3925
Throw: Dart              |       |       |       |     5 |     4 |     2 ||    11
 Cast: Blink             |       |       |       |    28 |    89 |    33 ||   150
       Teleport Other    |       |       |       |     3 |       |     1 ||     4
       Portal Projectile |       |       |       |       |     3 |     3 ||     6
       Freezing Cloud    |       |       |       |       |     2 |    42 ||    44
       Summon Ice Beast  |       |       |       |       |     1 |     3 ||     4
       Lightning Bolt    |       |       |       |       |       |     1 ||     1
       Apportation       |       |       |       |       |       |     2 ||     2
       Hailstorm         |       |       |       |       |       |     8 ||     8
Invok: Bend Time         |       |       |     2 |       |       |       ||     2
       Slouch            |       |       |       |       |     3 |       ||     3
  Use: Scroll            |     1 |     2 |     6 |    21 |    14 |     9 ||    53
       Potion            |       |     1 |     2 |     2 |     2 |     5 ||    12
 Stab: Sleeping          |       |       |     1 |       |       |       ||     1
       Distracted        |       |       |     1 |       |       |       ||     1
Armor: Scale mail        |    61 |    33 |   110 |    32 |       |       ||   236
       Ring mail         |       |       |       |    62 |   190 |       ||   252
       Chain mail        |       |       |       |       |    73 |   237 ||   310
Dodge: Dodged            |    53 |    52 |   105 |   283 |   804 |   515 ||  1812
Block: Buckler           |    40 |    25 |    87 |   152 |   468 |   253 ||  1025
       Kite shield       |       |       |       |       |       |   216 ||   216
       Reflection        |       |       |       |       |       |    32 ||    32

Table legend: (Time is in decaauts)
 A = Elapsed time spent in this place.
 B = Non-inter-level travel time spent in this place.
 C = Inter-level travel time spent in this place.
 D = Time resting spent in this place.
 E = Time spent auto-exploring this place.
 F = Levels seen in this place.
 G = Mean time per level.
                   A        B        C        D        E       F      G
               +--------+--------+--------+--------+--------+-----+--------+
         Total |  58427 |  53977 |   4450 |   5254 |  36477 |  34 | 1718.4 |
       Dungeon |  24802 |  22650 |   2152 |   3139 |  15470 |  15 | 1653.5 |
          Lair |  11480 |  10242 |   1238 |    429 |   7405 |   6 | 1913.3 |
         Swamp |   7537 |   7236 |    301 |    740 |   4821 |   4 | 1884.2 |
     Snake Pit |   8345 |   7917 |    428 |    227 |   6125 |   4 | 2086.2 |
  Orcish Mines |   3360 |   3030 |    330 |     58 |   1692 |   2 | 1680.0 |
        Bazaar |    300 |    300 |      0 |      0 |    121 |   1 |  300.0 |
       Volcano |   1826 |   1826 |      0 |    601 |    748 |   1 | 1826.0 |
      Gauntlet |    774 |    774 |      0 |     59 |     94 |   1 |  774.0 |
               +--------+--------+--------+--------+--------+-----+--------+

Top non-repeatable levels by time:
 Swamp:4: 2839 daAuts
 Snake:1: 2781 daAuts
    D:10: 2482 daAuts
  Lair:6: 2446 daAuts
     D:6: 2237 daAuts
     D:7: 2147 daAuts
  Lair:1: 2137 daAuts
    D:11: 2127 daAuts
 Snake:4: 2086 daAuts
   Orc:2: 1988 daAuts
 Snake:3: 1944 daAuts
  Lair:3: 1882 daAuts
    D:13: 1843 daAuts
 Volcano: 1826 daAuts
  Lair:5: 1799 daAuts
